Map: Disco Bloodbath LE

Players

pHARM

  • Race: Zerg Zerg
  • League: Platinum
  • Spawn Location: 3:00

Legend - Winner!

  • Race: Zerg Zerg
  • League: Platinum
  • Spawn Location: 9:00

VOD

Have the link to the VOD?

Description

Time

  • Played on: Sept. 1, 2019, 10:47 a.m.
  • Length: 6:15
Show
View Real Time Build Order
Export as new Build Order

pHARM Zerg 

Build Orders: Hatch First 

Get SALT Encoding   

  12  0:01  Drone  
  13  0:13  Overlord  
  13  0:24  Overlord  
  13  0:25  Drone  
  14  0:31  Drone  
  15  0:38  Drone  
  16  0:47  Drone  
  17  1:03  Hatchery  
  16  1:10  Drone x2  
  18  1:24  Drone  
  19  1:25  Spawning Pool  
  18  1:45  Drone x2  
  20  1:51  Extractor  
  19  1:58  Drone  
  20  2:02  Drone  
  21  2:13  Drone  
  21  2:15  Queen x2  
  22  2:17  Drone  
  27  2:24  Drone  
  29  2:30  Zergling x2  
  29  2:36  Zergling x4  
  31  2:48  Spine Crawler  
  30  2:56  Zergling x2  
  30  2:57  Zergling x4  
  33  3:16  Drone x3  
  36  3:30  Baneling Nest  
  35  3:38  Drone  
  36  3:41  Overlord x2  
  36  3:45  Lair  
  36  3:57  Metabolic Boost  
  36  4:00  Drone  
  36  4:01  Drone x5  
  42  4:24  Drone x8  
  50  4:42  Zergling x4  
  52  5:00  Extractor  
  52  5:01  Extractor  
  52  5:02  Baneling x2  
  52  5:04  Baneling x4  
  50  5:10  Drone x2  
  50  5:44  Overlord x2  
  49  5:52  Hatchery  
  49  5:56  Roach Warren  
  47  5:57  Evolution Chamber  
  45  6:05  Hatchery  
Show
View Real Time Build Order
Export as new Build Order

Legend Zerg - Winner!

Build Orders: Pool First, Zergling Baneling 

Get SALT Encoding   

  12  0:01  Drone  
  13  0:09  Drone  
  14  0:23  Overlord  
  14  0:42  Drone x2  
  16  0:43  Drone  
  17  0:53  Drone  
  18  0:58  Spawning Pool  
  17  1:04  Drone  
  18  1:16  Drone  
  19  1:18  Extractor  
  19  1:20  Hatchery  
  17  1:29  Drone  
  18  1:37  Drone  
  19  1:45  Queen  
  21  1:47  Overlord  
  21  1:58  Zergling x2  
  22  2:09  Zergling x2  
  23  2:19  Zergling x2  
  24  2:25  Queen  
  26  2:30  Overlord  
  26  2:35  Drone  
  27  2:44  Drone  
  27  2:46  Drone  
  27  2:47  Queen  
  31  2:55  Drone  
  31  2:58  Drone x4  
  36  3:26  Queen  
  38  3:27  Overlord  
  38  3:28  Drone x2  
  40  3:38  Zergling x2  
  40  3:39  Zergling x6  
  44  3:44  Overlord, Baneling Nest  
  44  3:46  Zergling x2  
  44  3:47  Hatchery  
  43  3:56  Zergling x2  
  44  4:03  Queen  
  44  4:07  Zergling x6  
  44  4:08  Zergling x4  
  44  4:09  Metabolic Boost  
  51  4:11  Lair  
  51  4:19  Zergling x2  
  51  4:21  Zergling x6  
  56  4:45  Baneling  
  56  4:46  Hatchery, Baneling x6  
  56  4:47  Baneling x2  
  56  4:50  Zergling x2  
  56  4:51  Zergling x4  
  57  4:54  Zergling x4  
  59  5:00  Overlord x2  
  59  5:34  Zergling x2  
  59  5:35  Zergling x8  
  66  5:51  Hydralisk Den  
  66  5:52  Drone x3  
  66  5:53  Drone  
  66  5:54  Evolution Chamber  
  66  5:56  Extractor  
Tags
 
Add a new tag
Caveats
  • Supply blocks, unpowered buildings, or Contaminate may cause inaccurate times.
  • Supply counts are checked every 10 seconds.